 Dungeon Crawl Stone Soup version 0.27.1-35-g4d5d836560 (webtiles) character file.

Game seed: 18295345483375120139

22 cbfl8 the Slasher (level 2, -1/27 HPs)
             Began as a Minotaur Monk on June 10, 2022.
             Slain by an adder (4 damage)
             ... on level 2 of the Dungeon.
             The game lasted 00:01:14 (925 turns).

cbfl8 the Slasher (Minotaur Monk)                    Turns: 925, Time: 00:01:15

Health: -1/27      AC:  2    Str: 15    XL:     2   Next: 68%
Magic:  1/1        EV: 13    Int:  7    God:
Gold:   17         SH:  0    Dex: 12    Spells: 1/1 levels left

rFire    . . .     SeeInvis .   a - +0 falchion
rCold    . . .     Faith    .   (no shield)
rNeg     . . .     Spirit   .   b - +0 robe
rPois    .         Reflect  .   (helmet restricted)
rElec    .         Harm     .   (no cloak)
rCorr    .         Rampage  .   (no gloves)
Will     .....                  (no boots)
Stlth    ++........             (no amulet)
HPRegen  0.09/turn              (no ring)
MPRegen  0.07/turn              (no ring)

@: no status effects
A: horns 2, retaliatory headbutt
a: no special abilities


You were on level 2 of the Dungeon.
You visited 1 branch of the dungeon, and saw 2 of its levels.

You collected 17 gold pieces.

Inventory:

Hand Weapons
 a - a +0 falchion (weapon)
Armour
 b - a +0 robe (worn)
Scrolls
 c - a scroll of identify {unknown}
 d - 3 scrolls of teleportation {unknown}
Potions
 e - a potion of brilliance {unknown}
 f - a potion of haste {unknown}


   Skills:
 + Level 4.0 Fighting
 + Level 4.0 Long Blades
 + Level 3.7 Dodging
 + Level 1.6 Stealth


You had one spell level left.
You didn't know any spells.
Your spell library was empty.

Dungeon Overview and Level Annotations

Branches:
Dungeon (2/15)

Altars:


Innate Abilities, Weirdness & Mutations

You have a pair of horns on your head.
You reflexively headbutt those who attack you in melee.


Message History

You open the door.
There is an open door here.
There is an open door here.
You see here 20 stones.
There is an open door here.
There is an open door here.
Found a blue potion.
f - a blue potion Done exploring.
There is a stone staircase leading down here.
You climb downwards.
There is a stone staircase leading up here.
The endoplasm quivers.
An adder comes into view.
The endoplasm freezes you.
You are frozen.
You hit the endoplasm.
The endoplasm is almost dead.
The endoplasm hits you.
You hit the endoplasm.
You kill the endoplasm!
The adder bites you. x2
You closely miss the adder. The adder closely misses you.
You riposte.
You miss the adder. You barely miss the adder. Your headbutt misses the adder.
The adder barely misses you. The adder bites you.
You hit the adder. Your headbutt misses the adder.
The adder is lightly wounded.
The adder bites you.
* * * LOW HITPOINT WARNING * * *
You miss the adder. You headbutt the adder.
The adder is lightly wounded.
The adder bites you.
* * * LOW HITPOINT WARNING * * *
You barely miss the adder.
The adder is lightly wounded.
The adder bites you.
* * * LOW HITPOINT WARNING * * *
The adder bites you.
You die...

#♣ ♣...........
#.##...#.......
#..............
...............
.............
..........
...##....#
......S@.###
...#.......# .
#.......###...
##.............
........<.......
................
..♣♣#............
♣. ♣#.....######
#..♣♣♣.


You could see an adder.

Vanquished Creatures
  2 dart slugs (D:1)
  A ball python (D:1)
  2 endoplasms
  2 goblins (D:1)
  2 hobgoblins (D:1)
  5 bats (D:1)
  A frilled lizard (D:1)
  A kobold (D:1)
  A rat (D:1)
17 creatures vanquished.

Vanquished Creatures (others)
  A plant (D:2)
1 creature vanquished.

Grand Total: 18 creatures vanquished

Notes
Turn   | Place    | Note
-------+----------+-------------------------------------------
     0 | D:1      | cbfl8 the Minotaur Monk began the quest for the Orb.
     0 | D:1      | Reached XP level 1. HP: 19/19 MP: 0/0
    86 | D:1      | Reached XP level 2. HP: 16/27 MP: 1/1
   673 | D:1      | Found a faded altar of an unknown god.
   925 | D:2      | Slain by an adder

Illustrated notes

Levels and vault maps discovered:
D:1:      minmay_arrival_loop, layout_basic, basic_ecumenical_altar
D:2:      layout_basic, serial_forest, infiniplex_forest_clump_medium,
          infiniplex_forest_clump_long, infiniplex_forest_clump_diagonal,
          infiniplex_forest_lined_room_2, infiniplex_forest_side_room,
          infiniplex_forest_straight_4, infiniplex_forest_split,
          infiniplex_forest_lined_ring, basic_altar,
          chequers_serial_rivers_micro_d

Skill      XL: |  1  2 |
---------------+-------+-----
Long Blades    | 4 |  4.0
Fighting       | 4 |  4.0
Dodging        | |  3.7
Stealth        | |  1.6

Action                   || total
-------------------------++-------
Melee: Falchion          ||    30
       Headbutt          ||     7
Armor: Robe              ||    11
Dodge: Dodged            ||    32
       Rpst.: Falchion   ||     8
